 Dungeon Crawl Stone Soup version 0.19.0-9-gfd783f2 (webtiles) character file.

573 Mesmaeker13 the Skirmisher (level 7, -3/55 HPs)
             Began as a Demonspawn Gladiator on Nov 7, 2016.
             Killed from afar by an orc wizard (10 damage)
             ... with a puff of frost
             ... on level 4 of the Dungeon.
             The game lasted 00:05:29 (2807 turns).

Mesmaeker13 the Skirmisher (Demonspawn Gladiator)   Turns: 2807, Time: 00:05:30

Health: -3/55      AC: 14    Str: 17    XL:     7   Next: 12%
Magic:  7/7        EV:  6    Int: 10    God:
Gold:   236        SH:  0    Dex: 13    Spells: 0 memorised, 6 levels left

rFire  + + .     SeeInvis .     i - +1 hand axe (venom)
rCold  x . .     Gourm    .     g - +0 plate armour
rNeg   . . .     Faith    .     (no shield)
rPois  .         Spirit   .     c - +0 helmet
rElec  .         Reflect  .     (no cloak)
rCorr  .         Harm     .     (no gloves)
MR     .....                    (no boots)
Stlth  ..........               (no amulet)
                                (no ring)
                                w - ring of fire

@: flying
A: slimy green scales 1, fire resistance 1, spiny 2, flame cloud immunity
a: no special abilities


You were on level 4 of the Dungeon.
You were very hungry.

You visited 1 branch of the dungeon, and saw 4 of its levels.

You collected 236 gold pieces.

Inventory:

Hand Weapons
 a - a +0 war axe
 i - a +1 hand axe of venom (weapon)
Missiles
 d - 2 throwing nets (quivered)
 k - 14 poisoned needles
 l - 8 curare-tipped needles
Armour
 b - a +0 leather armour
 c - a +0 helmet (worn)
 g - a +0 plate armour (worn)
 x - a +0 buckler
Jewellery
 w - a ring of fire (left hand)
Wands
 q - a wand of lightning (0/15)
Scrolls
 e - 2 scrolls of teleportation
 m - 2 scrolls of enchant weapon {unknown}
 o - 4 scrolls of enchant armour {unknown}
 p - a scroll of magic mapping {unknown}
 s - 2 scrolls of random uselessness {unknown}
 t - 3 scrolls of identify {unknown}
 u - 2 scrolls of remove curse {unknown}
 y - a scroll of blinking {unknown}
Potions
 h - a potion of lignification {unknown}
 n - a potion of haste {unknown}
 z - a potion of magic {unknown}
Comestibles
 f - 3 bread rations
 r - a beef jerky
 v - a slice of pizza
 A - a meat ration
 B - a royal jelly


   Skills:
 + Level 4.8 Fighting
 + Level 4.8 Axes
 - Level 1.7 Throwing
 + Level 3.6 Armour
 - Level 2.6 Dodging


You had 6 spell levels left.
You didn't know any spells.

Dungeon Overview and Level Annotations

Branches:
Dungeon (4/15)
 Temple: D:4-7

Altars:
Okawaru
Qazlal
Trog
Xom
The Shining One


Innate Abilities, Weirdness & Mutations

You are partially covered in slimy green scales. (AC +2)
Your flesh is heat resistant. (rF+)
You are mostly covered in sharp spines.
You are immune to clouds of flame.


Message History

You fly up into the air.
The orc barely misses you.
The orc warrior is struck by your spines.
The orc warrior completely misses you. The orc warrior barely misses you.
You kill the orc warrior!
You have reached level 7!
Your demonic ancestry asserts itself...
You feel less concerned about heat.
A puff of flame appears from out of thin air!
The puff of flame hits you! You resist.
It was a potion of curing.
You feel better. The orc barely misses you.
You hit the orc.
You kill the orc!
You closely miss something. Something hits you but does no damage.
You closely miss something. Something hits you but does no damage.
You miss something.
You hear some strange, mumbled words.
A puff of frost appears from out of thin air!
The puff of frost hits you!
You feel a terrible chill!
You die...

### #.# ...# #...
#######.#####.######.###...
...........................
........#.####.####.###....
#######.............###..#.
#.......####....##..[..#.
#.......+...###.#..##..#.
#.......###+###....###.##
#......{@(.........# #.## ..
#.................## #.##
..#######.#............###...
........#.#..........#.#.(..)
........)).............[)÷...
........##############.#.)...
........# #.#..÷.. ........#
#.#..... ###.....# #<#.)...


There were no monsters in sight!

Vanquished Creatures
  2 orc warriors (D:4)
  An ogre (D:4)
  3 orc wizards (D:4)
  An iguana (D:4)
  A worker ant (D:4)
  A hound zombie (D:3)
  4 gnolls
  2 adders (D:4)
  4 worms
  2 dart slugs
  13 orcs
  A ball python (D:3)
  3 giant cockroaches
  8 goblins
  13 hobgoblins
  10 kobolds
  2 quokkas (D:4)
  7 bats
  3 frilled lizards
  7 rats
88 creatures vanquished.

Notes
Turn   | Place    | Note
-------+----------+-------------------------------------------
     0 | D:1      | Mesmaeker13 the Demonspawn Gladiator began the quest for the Orb.
     0 | D:1      | Reached XP level 1. HP: 16/16 MP: 1/1
   147 | D:1      | Gained mutation: You are partially covered in sharp spines. [demonic ancestry]
   147 | D:1      | Reached XP level 2. HP: 22/22 MP: 2/2
   190 | D:1      | Reached skill level 1 in Armour
   243 | D:1      | Found a glowing golden altar of the Shining One.
   665 | D:2      | Gained mutation: You are partially covered in slimy green scales. (AC +2) [demonic ancestry]
   665 | D:2      | Reached XP level 3. HP: 28/28 MP: 3/3
   719 | D:2      | Found a glowing golden altar of the Shining One.
   885 | D:2      | Noticed an earth elemental
   887 | D:2      | Found a stormy altar of Qazlal.
   888 | D:2      | Noticed a fire elemental
   888 | D:2      | Noticed an air elemental
   888 | D:2      | Noticed a water elemental
  1122 | D:2      | Found an iron altar of Okawaru.
  1129 | D:2      | Reached XP level 4. HP: 25/34 MP: 4/4
  1200 | D:2      | Found a bloodstained altar of Trog.
  1769 | D:3      | Found a shimmering altar of Xom.
  2062 | D:4      | Noticed an orc warrior
  2072 | D:4      | Killed an orc warrior
  2072 | D:4      | Gained mutation: You are mostly covered in sharp spines. [demonic ancestry]
  2072 | D:4      | Reached XP level 5. HP: 18/42 MP: 5/5
  2438 | D:4      | Gained mutation: Your flesh is heat resistant. (rF+) [demonic ancestry]
  2438 | D:4      | Reached XP level 6. HP: 38/48 MP: 6/6
  2773 | D:4      | Noticed an orc warrior
  2797 | D:4      | HP: 1/49 [orc warrior/halberd (9)]
  2800 | D:4      | Killed an orc warrior
  2800 | D:4      | Gained mutation: You are immune to clouds of flame. [demonic ancestry]
  2800 | D:4      | Reached XP level 7. HP: 1/55 MP: 7/7
  2807 | D:4      | Killed from afar by an orc wizard

Skill      XL: |  1  2  3  4  5  6 |
---------------+-------------------+-----
Axes           | 3 4 |  4.8
Armour         | 1 2 3 |  3.6
Fighting       | 3 4 |  4.8
Throwing       | |  1.7
Dodging        | |  2.6

Action                   |  1- 3 |  4- 6 |  7- 9 || total
-------------------------+-------+-------+-------++-------
Melee: War axe           |    94 |     5 |       ||    99
       Hand axe          |       |   110 |     4 ||   114
Throw: Throwing net      |       |     3 |       ||     3
Evoke: Wand              |       |     2 |       ||     2
  Use: Scroll            |     2 |       |       ||     2
       Potion            |       |     1 |     1 ||     2
  Eat: Chunk             |     1 |     4 |       ||     5
Armor: Plate armour      |    65 |    78 |     2 ||   145
Dodge: Dodged            |    26 |    25 |     1 ||    52
